 Dungeon Crawl Stone Soup version 0.18-a0-1426-g3b9a63c (console) character file.

2981 Liam the Destroyer (level 9, -5/54 HPs)
             Began as a Deep Elf Conjurer on Feb 25, 2016.
             Was an Initiate of Vehumet.
             Slain by an orc warrior
             ... wielding a +0 halberd
              (22 damage)
             ... on level 7 of the Dungeon on Feb 27, 2016.
             The game lasted 00:20:14 (9358 turns).

Liam the Destroyer (Deep Elf Conjurer)              Turns: 9358, Time: 00:20:14

Health: -5/54      AC:  8    Str:  5    XL:     9   Next: 53%
Magic:  2/26       EV: 12    Int: 24    God:    Vehumet [......]
Gold:   367        SH:  0    Dex: 15    Spells: 3 memorised, 21 levels left

rFire  . . .     SeeInvis .     (no weapon)
rCold  . . .     Gourm    .     w - +3 leather armour
rNeg   . . .     Faith    .     (no shield)
rPois  .         Spirit   .     (no helmet)
rElec  .         Dismiss  .     g - +0 cloak
rCorr  .         Reflect  .     p - +0 pair of gloves
SustAt .         Harm     .     (no boots)
MR     .....                    (no amulet)
Stlth  ++........               (no ring)
                                (no ring)

@: not resistant to hostile enchantments, unstealthy
A: no striking features
a: Renounce Religion


You were on level 7 of the Dungeon.
You worshipped Vehumet.
Vehumet was noncommittal.
You were hungry.

You visited 1 branch of the dungeon, and saw 7 of its levels.

You collected 367 gold pieces.

Inventory:

Armour
 a - a +0 robe
 g - a +0 cloak (worn)
 j - a +1 robe of positive energy
 p - a +0 pair of gloves (worn)
 w - a +3 leather armour (worn)
Magical Staves
 E - an uncursed staff of death
Jewellery
 f - an uncursed amulet of faith {unknown}
 y - an uncursed amulet of rage {unknown}
Wands
 M - a wand of iceblast (3/15)
Scrolls
 d - 3 scrolls of noise {unknown}
 e - 8 scrolls of identify {unknown}
 h - 3 scrolls of recharging {unknown}
 i - a scroll of enchant weapon {unknown}
 k - 2 scrolls of remove curse {unknown}
 m - a scroll of random uselessness {unknown}
 n - 4 scrolls of magic mapping {unknown}
 q - a scroll of teleportation {unknown}
 s - a scroll of amnesia {unknown}
 B - a scroll of torment {unknown}
 C - a scroll of fear {unknown}
 H - a scroll of silence {unknown}
 I - a scroll of holy word {unknown}
Potions
 o - a potion of agility {unknown}
 t - a potion of berserk rage {unknown}
 u - a potion of brilliance {unknown}
 v - a potion of might
 z - a potion of invisibility {unknown}
 A - 2 potions of heal wounds {unknown}
 G - a potion of mutation {unknown}
 J - 2 potions of curing
 L - a potion of flight {unknown}
Books
 b - a book of Conjurations

   Spells                             Type                      Level
   a - Magic Dart                     Conjuration                  1
   b - Searing Ray                    Conjuration                  2
   c - Dazzling Spray                 Conjuration/Hexes            3
   d - Fulminant Prism                Conjuration/Hexes            4
   e - Iskenderun's Mystic Blast      Conjuration                  4
   f - Iskenderun's Battlesphere      Conjuration/Charms           5
 x - a book of Dreams

   Spells                             Type                      Level
   a - Ensorcelled Hibernation        Hexes/Ice                    2
   b - Silence                        Hexes/Air                    5
   c - Darkness                       Hexes                        6
   d - Mass Confusion                 Hexes                        6
   e - Shadow Creatures               Summoning                    6
 F - a book of Burglary

   Spells                             Type                      Level
   a - Swiftness                      Charms/Air                   2
   b - Passwall                       Transmutation/Earth          2
   c - Passage of Golubria            Translocation                4
   d - Lee's Rapid Deconstruction     Earth                        5
   e - Darkness                       Hexes                        6
   f - Invisibility                   Hexes                        6
 K - an Akashic Record

   Spells                             Type                      Level
   a - Dispersal                      Translocation                6
   b - Malign Gateway                 Summoning/Translocation      7
   c - Disjunction                    Translocation                8
   d - Controlled Blink               Translocation                8
Comestibles
 c - 6 bread rations
 l - 2 meat rations
 r - a beef jerky
 D - 2 fruits


   Skills:
 - Level 5.0 Fighting
 - Level 2.4 Dodging
 - Level 2.4 Stealth
 + Level 11.7 Spellcasting
 + Level 12.3 Conjurations
 + Level 5.1 Charms


You had 21 spell levels left.
You knew the following spells:

 Your Spells              Type           Power        Failure   Level  Hunger
a - Magic Dart            Conj           ####         1%          1    None
p - Iskenderun's Battles  Conj/Chrm      ######..     8%          5    ###....
x - Iskenderun's Mystic   Conj           ######..     1%          4    None


Dungeon Overview and Level Annotations

Branches:
Dungeon (7/15)             Temple (0/1) D:7

Altars:
Dithmenos
Elyvilon
Kikubaaqudgha
Makhleb
Nemelex Xobeh
Okawaru
Pakellas
Qazlal
Sif Muna
Vehumet

Annotations:
D:3 Pikel
D:7 chei's ghost, novice NaFi


Message History

The orb of energy hits the orc warrior.
The orc warrior is heavily wounded.
The orc warrior throws a stone.
The stone hits you!
* * * LOW HITPOINT WARNING * * *
Casting: Iskenderun's Mystic Blast
Confirm with . or Enter, or press ? or * to list all spells.
Aiming: Iskenderun's Mystic Blast
Press: ? - help, Shift-Dir - straight line, f/p - orc warrior
Aim: an orc warrior, wielding a halberd and wearing a plate armour (heavily wounded)
The orb of energy hits the orc warrior.
The orc warrior is severely wounded.
The orc warrior throws a stone.
The stone hits you but does no damage.
The orc warrior throws a stone.
The stone barely misses you.
You see here 6 stones.
Drink which item? (? for menu, Esc to quit)
Okay, then.
The orc warrior throws a stone.
The stone hits you but does no damage.
You see here a stone.
The orc warrior hits you from afar with a halberd!!
You die...

######## #......#
#......# . #......# #####
#......# ....#
########(.....# .)..#
#..)...@......#
)(..######.####........#
....##...o...(o.########
.o......###########...##
......### ##.....##
.....## #.......# .....#
#.......# .....#
#####.......#
#....########...(......##


You could see an orc warrior.

Vanquished Creatures
  Grinder (D:5)
  A water moccasin (D:7)
  3 orc warriors
  2 ice beasts
  3 slaves (D:4)
  3 phantoms
  2 ogres
  3 giant frogs
  A scorpion (D:6)
  5 crimson imps
  A jelly (D:7)
  6 orc wizards
  3 orc priests
  A centaur skeleton (D:5)
  A giant frog skeleton (D:5)
  Crazy Yiuf (D:4)
  6 worker ants
  2 killer bee zombies
  2 hound skeletons (D:4)
  4 gnolls (D:3)
  12 adders
  2 howler monkey skeletons
  3 oozes
  An adder skeleton (D:6)
  2 dart slugs (D:2)
  7 giant geckos
  31 orcs
  2 giant cockroaches
  8 goblins
  11 hobgoblins
  13 jackals
  A quokka (D:6)
  9 bats
  A giant gecko zombie (D:6)
  6 giant newts
  7 kobolds
  20 rats
187 creatures vanquished.

Vanquished Creatures (others)
  A giant cockroach (D:3)
  A rat (D:3)
2 creatures vanquished.

Grand Total: 189 creatures vanquished

Notes
Turn   | Place    | Note
--------------------------------------------------------------
     0 | D:1      | Liam the Deep Elf Conjurer began the quest for the Orb.
     0 | D:1      | Reached XP level 1. HP: 10/10 MP: 6/6
   311 | D:1      | Reached XP level 2. HP: 15/15 MP: 3/8
   683 | D:1      | Reached XP level 3. HP: 19/19 MP: 3/10
  1004 | D:2      | Found an iron altar of Okawaru.
  1013 | D:2      | Reached skill level 5 in Conjurations
  1421 | D:2      | Reached XP level 4. HP: 20/24 MP: 5/12
  1472 | D:2      | Learned a level 4 spell: Iskenderun's Mystic Blast
  1548 | D:2      | Reached skill level 5 in Spellcasting
  2123 | D:3      | Reached XP level 5. HP: 16/28 MP: 9/15
  2290 | D:3      | Found a faded altar to an unknown god.
  2455 | D:3      | Reached skill level 6 in Conjurations
  2815 | D:3      | Learned a level 5 spell: Iskenderun's Battlesphere
  3137 | D:3      | Reached skill level 1 in Charms
  3182 | D:3      | Reached XP level 6. HP: 32/32 MP: 2/17
  3512 | D:3      | Found a stormy altar of Qazlal.
  4126 | D:4      | Noticed Pikel
  4224 | D:4      | Noticed a slave
  4225 | D:4      | Noticed a slave
  4227 | D:4      | Noticed a slave
  4682 | D:4      | Upgraded the game from 0.18-a0-1413-g4eaa9ac to 0.18-a0-1426-g3b9a63c
  4705 | D:4      | Found an oddly glowing altar of Pakellas.
  4710 | D:4      | Noticed a slave
  4946 | D:4      | Killed a slave
  5017 | D:3      | Reached skill level 10 in Spellcasting
  5017 | D:3      | Reached skill level 11 in Conjurations
  5017 | D:3      | Reached XP level 7. HP: 4/44 MP: 3/23
  5275 | D:4      | Noticed Crazy Yiuf
  5286 | D:4      | Killed Crazy Yiuf
  5715 | D:5      | Entered Level 5 of the Dungeon
  5774 | D:5      | Reached XP level 8. HP: 45/48 MP: 18/24
  6746 | D:5      | Found an ancient bone altar of Kikubaaqudgha.
  6773 | D:5      | Found a burning altar of Makhleb.
  6827 | D:5      | Noticed Grinder
  6891 | D:5      | Killed Grinder
  7007 | D:5      | Found a radiant altar of Vehumet.
  7375 | D:6      | Found a shadowy altar of Dithmenos.
  7399 | D:6      | Reached XP level 9. HP: 53/53 MP: 16/26
  7432 | D:6      | Reached skill level 12 in Conjurations
  7483 | D:6      | Found a sparkling altar of Nemelex Xobeh.
  7510 | D:6      | Found a white marble altar of Elyvilon.
  7798 | D:6      | Reached skill level 5 in Fighting
  8339 | D:7      | Noticed chei's ghost (novice NaFi)
  8514 | D:5      | Became a worshipper of Vehumet
  8635 | D:7      | Found a staircase to the Ecumenical Temple.
  9191 | D:7      | Found a deep blue altar of Sif Muna.
  9198 | D:7      | Reached skill level 5 in Charms
  9358 | D:7      | Slain by an orc warrior

Vault maps used:
D:1:      minmay_arrival_open_corners, kennysheep_another_room,
          minmay_rat_gold_closets
D:2:      old_standard_altar, st_stairs_6
D:3:      grunt_qazlal_clouds, ecumenical_altar_1
D:4:      grunt_pakellas_basics, uniq_pikel, uniq_crazy_yiuf_cottage
D:5:      kennysheep_mini, overflow_temple_1_default, kiku_gazebo_pond_becter,
          first_bread, guppyfry_early_orc_mine, uniq_grinder
D:6:      grunt_temple_overflow_open
D:7:      lemuel_round_altar, temple_fountains

Skill      XL: |  1  2  3  4  5  6  7  8  9 |
---------------+----------------------------+-----
Spellcasting   | 4 5 6 10 11 | 11.7
Conjurations   | 5 6 11 12 | 12.3
Charms         | 1 3 4 5 |  5.1
Fighting       | 4 5 |  5.0
Dodging        | |  2.4
Stealth        | |  2.4

Action                   |  1- 3 |  4- 6 |  7- 9 || total
-------------------------+-------+-------+-------++-------
Melee: Unarmed           |       |     4 |     1 ||     5
 Cast: Magic Dart        |    89 |   159 |   228 ||   476
       Iskenderun's Myst |       |    24 |    71 ||    95
  Use: Potion            |       |     5 |     1 ||     6
  Eat: Chunk             |     1 |     8 |     9 ||    18
       Fruit             |       |     3 |     1 ||     4
       Beef jerky        |       |     1 |       ||     1
       Meat ration       |       |       |     1 ||     1
